 Dungeon Crawl Stone Soup version 0.21.1-1-g345015f (webtiles) character file.

70 Leafsnail the Chucker (level 4, 0/35 HPs)
             Began as a Formicid Hunter on Feb 24, 2018.
             Slain by an adder (1 damage)
             ... on level 2 of the Dungeon.
             The game lasted 00:05:13 (936 turns).

Leafsnail the Chucker (Formicid Hunter)              Turns: 936, Time: 00:05:15

Health: 0/35       AC:  8    Str: 18    XL:     4   Next: 44%
Magic:  4/4        EV: 11    Int: 10    God:
Gold:   68         SH:  0    Dex: 11    Spells: 3/3 levels left

rFire    . . .     SeeInvis +   a - +0 short sword
rCold    . . .     Gourm    .   (no shield)
rNeg     . . .     Faith    .   l - +0 swamp dragon scales
rPois    +         Spirit   .   (helmet unavailable)
rElec    .         Reflect  .   (no cloak)
rCorr    .         Harm     .   n - +0 pair of gloves
MR       .....                  (no boots)
Stlth    +.........             (no amulet)
HPRegen  0.11/turn              (no ring)
MPRegen  0.09/turn              (no ring)

@: lethally poisoned (0 -> -4)
A: permanent stasis, dig shafts and tunnels, four strong arms, antennae 3
a: Dig, Shaft Self


You were on level 2 of the Dungeon.
You were not hungry.

You visited 1 branch of the dungeon, and saw 2 of its levels.

You collected 68 gold pieces.

Inventory:

Hand Weapons
 a - a +0 short sword (weapon)
Missiles
 c - 6 javelins (quivered)
Armour
 b - a +0 leather armour
 l - +0 swamp dragon scales (worn)
 n - a +0 pair of gloves (worn)
Jewellery
 k - an uncursed amulet of harm {unknown}
Scrolls
 h - a scroll of noise {unknown}
 i - a scroll of remove curse {unknown}
 m - a scroll of magic mapping {unknown}
Potions
 e - 2 potions of haste
 g - a potion of brilliance {unknown}
 o - a potion of berserk rage {unknown}
Comestibles
 f - 3 rations
 j - a chunk of flesh


   Skills:
 + Level 3.0 Fighting
 + Level 4.7 Throwing
 + Level 1.8 Armour
 - Level 1.7 Dodging
 - Level 1.7 Stealth


You had 3 spell levels left.
You didn't know any spells.

Dungeon Overview and Level Annotations

Branches:
Dungeon (1/15)

Altars:


Innate Abilities, Weirdness & Mutations

You cannot be hasted, slowed, berserked, paralysed or teleported.
You can dig through walls and to a lower floor.
Your four strong arms can wield two-handed weapons with a shield.
You have a pair of large antennae on your head. (SInv)


Message History

Okay, then.
Okay, then.
Throwing (i - inventory):
c - 6 javelins (quivered)
Press: ? - help, Shift-Dir - straight line, f/p - adder
Aim: an adder
Okay, then.
You closely miss the adder.
The jackal moves out of view.
The adder misses you.
You miss the adder. The adder bites you.
* * * LOW HITPOINT WARNING * * *
You are lethally poisoned!
The adder poisons you! The jackal closely misses you.
The adder bites you but does no damage.
The jackal bites you but does no damage.
You barely miss the adder.
* * * LOW HITPOINT WARNING * * *
You feel sick. The adder closely misses you. The jackal barely misses you.
You barely miss the adder.
The jackal bites you but does no damage.
The adder bites you.
You die...

#..#
##.#
#.#
#.#
#.#
#.#
#g#
#S##
#.@#
##h#
#.#
#.#
...
...
.h..
#....


You could see an adder, 2 jackals and a goblin.

Vanquished Creatures
  Terence (D:2)
  An adder (D:2)
  2 oozes (D:1)
  A dart slug (D:1)
  4 hobgoblins (D:1)
  4 jackals (D:2)
  A ball python (D:1)
  A bat (D:1)
  A frilled lizard (D:1)
  5 goblins (D:1)
  2 kobolds
  2 rats (D:1)
25 creatures vanquished.

Notes
Turn   | Place    | Note
-------+----------+-------------------------------------------
     0 | D:1      | Leafsnail the Formicid Hunter began the quest for the Orb.
     0 | D:1      | Reached XP level 1. HP: 16/16 MP: 1/1
    75 | D:1      | Reached XP level 2. HP: 22/22 MP: 2/2
   578 | D:1      | Reached XP level 3. HP: 28/28 MP: 3/3
   675 | D:1      | Reached skill level 1 in Armour
   856 | D:1      | You fall through a shaft!
   856 | D:2      | Noticed Terence
   910 | D:2      | Killed Terence
   910 | D:2      | Reached XP level 4. HP: 12/35 MP: 4/4
   935 | D:2      | HP: 1/35 [poisoned by an adder]
   936 | D:2      | Slain by an adder

Skill      XL: |  1  2  3 |
---------------+----------+-----
Armour         | 1 |  1.8
Fighting       | 3 |  3.0
Throwing       | |  4.7
Dodging        | |  1.7
Stealth        | |  1.7

Action                   |  1- 3 |  4- 6 || total
-------------------------+-------+-------++-------
Melee: Short sword       |   110 |    15 ||   125
Throw: Javelin           |     1 |       ||     1
       Throwing net      |     1 |     1 ||     2
  Use: Potion            |       |     1 ||     1
 Stab: Sleeping          |     2 |       ||     2
Armor: Leather armour    |     8 |       ||     8
       Swamp dragon scal |    42 |     7 ||    49
Dodge: Dodged            |    78 |    10 ||    88
